[Event "fics rated crazyhouse match"]
[Site "fics, Oklahoma City, OK USA"]
[Date "2000.12.24"]
[White "LINDEGREN"]
[WhiteElo "2391"]
[Black "pminear"]
[BlackElo "2540"]
[TimeControl "60+0"]
[Result "0-1"]

1. e4 e5 2. Nc3 Nc6 3. Bc4 Bc5 4. Nf3 d6 5. O-O Be6 6. d3 
Bxc4 7. dxc4 B@h5 8. B@h3 h6 9. Nd5 Nge7 10. Nxe7 Nxe7 11. N@d5 Nxd5 
12. cxd5 N@h4 13. N@f5 Nxf5 14. exf5 N@h4 15. N@e6 fxe6 16. fxe6 O-O 17. P@f7+ 
Kh8 18. Nxh4 Qxh4 19. N@f3 Bxf3 20. Qxf3 N@d4 21. Qd3 N@e2+ 22. Kh1 Nxc1 
23. Raxc1 B@h7 24. B@e4 Bxe4 25. Qg3 Qxg3 26. hxg3 N@g5 27. Q@h4 Nxh3 28. Qxh3 
N@g5 29. Qh2 B@g6 30. Rg1 Bxg2+ 31. Rxg2 P@f3 32. N@h4 fxg2+ 33. Qxg2 B@f3 
34. Nxg6+ Kh7 35. Nxf8+ Rxf8 36. B@g6+ Kxg6 37. N@h4+ Kf6 38. Nxf3 Ndxf3 
{LINDEGREN forfeits on time} 0-1

[Event "fics rated crazyhouse match"]
[Site "fics, Oklahoma City, OK USA"]
[Date "2000.12.24"]
[White "pminear"]
[WhiteElo "2545"]
[Black "LINDEGREN"]
[BlackElo "2386"]
[TimeControl "60+0"]
[Result "1-0"]

1. e4 Nf6 2. Nc3 Nc6 3. d4 d5 4. e5 Ne4 5. Nxe4 dxe4 6. Be3 
e6 7. Bb5 Bb4+ 8. c3 Be7 9. N@h5 Rg8 10. Nh3 N@d5 11. O-O Bd7 
12. Qg4 Bf8 13. Qxe4 g6 14. Nf6+ Nxf6 15. exf6 Bd6 16. N@g7+ Kf8 17. Bh6 
Qxf6 18. Nxe6+ Ke8 19. Neg5+ P@e6 20. P@e5 Nxe5 21. dxe5 Bxe5 22. Bxd7+ Kxd7 
23. Rad1+ P@d6 24. N@g4 B@h8 25. Nxf6+ Bhxf6 26. Qxb7 N@c5 27. P@c6+ Ke7 28. Qxc7+ 
P@d7 29. cxd7 Rad8 30. Qxc5 dxc5 31. N@c6# 
{LINDEGREN checkmated} 1-0

[Event "fics rated crazyhouse match"]
[Site "fics, Oklahoma City, OK USA"]
[Date "2000.12.24"]
[White "LINDEGREN"]
[WhiteElo "2381"]
[Black "pminear"]
[BlackElo "2550"]
[TimeControl "60+0"]
[Result "0-1"]

1. e4 e5 2. Nc3 Nc6 3. Nf3 Bc5 4. Bc4 d6 5. O-O Be6 6. Bxe6 
fxe6 7. d3 B@f7 8. B@h4 Qd7 9. Ng5 Nf6 10. Be3 Bxe3 11. fxe3 B@b6 
12. B@f2 O-O 13. Na4 Rae8 14. Nxb6 axb6 15. B@h3 N@g6 16. Bhg3 d5 17. Qe2 
d4 18. Rad1 dxe3 19. Bxe3 P@f4 20. Bgxf4 exf4 21. Bxf4 Nd4 22. Qd2 Nxf4 
23. Rxf4 B@h6 24. P@h4 Bxg5 25. hxg5 Nh5 26. P@e3 Nxf4 27. exf4 N@e2+ 28. Kh1 
B@d6 29. B@e3 Bxf4 30. Bxf4 Nxf4 31. Qxf4 P@e2 32. Rg1 R@f1 33. N@g3 Rxg1+ 
34. Kxg1 e5 35. N@h6+ Kh8 36. Qf2 R@d1+ 37. B@e1 B@e3 38. Qxe3 Rxe1+ 39. B@f1 
exf1=Q+ 40. Nxf1 Rxe3 41. P@f6 Ne2+ 42. Kf2 Q@g1+ 43. Ke1 Nd4+ 44. Kd2 B@b4+ 
45. Kc1 Qxf1+ 46. R@d1 N@e2# 
{LINDEGREN forfeits on time} 0-1

[Event "fics rated crazyhouse match"]
[Site "fics, Oklahoma City, OK USA"]
[Date "2000.12.24"]
[White "pminear"]
[WhiteElo "2554"]
[Black "LINDEGREN"]
[BlackElo "2377"]
[TimeControl "60+0"]
[Result "1-0"]

1. e4 Nf6 2. e5 Nd5 3. d4 e6 4. Nf3 d6 5. Be2 Nc6 6. O-O 
Bd7 7. c4 Nb6 8. exd6 Bxd6 9. c5 Nd5 10. cxd6 cxd6 11. Nc3 Nxc3 
12. bxc3 N@e4 13. N@h5 Rg8 14. P@e5 Nxc3 15. exd6 Nxd1 16. P@e7 Nxe7 17. dxe7 
Qxe7 18. N@c7+ Kf8 19. Nxa8 Nc3 20. Bd3 P@e4 21. R@b8+ Be8 22. B@c5 P@d6 
23. Bxd6 Qxd6 24. Bf4 Qd7 25. Bxe4 Nxe4 26. P@d6 Nxd6 27. Bxd6+ Qxd6 28. Rxe8+ 
Kxe8 29. B@e5 Qd7 30. N@c7+ Kf8 31. Nxg7 B@c6 32. P@f6 B@b4 33. P@e7+ Bxe7 
34. fxe7+ Qxe7 35. B@d6 Q@d8 36. Bxe7+ Qxe7 37. Q@d6 B@d8 38. Qxe7+ Bxe7 39. Q@d6 
R@e8 40. Ncxe8 Bxd6 41. Bxd6+ P@e7 42. Bxe7+ Kxe7 43. B@d6+ Kd7 44. R@c7+ Kd8 
45. P@e7# 
{LINDEGREN checkmated} 1-0

[Event "fics rated crazyhouse match"]
[Site "fics, Oklahoma City, OK USA"]
[Date "2000.12.24"]
[White "LINDEGREN"]
[WhiteElo "2373"]
[Black "pminear"]
[BlackElo "2558"]
[TimeControl "60+0"]
[Result "0-1"]

1. e4 e5 2. Nc3 Nc6 3. Nf3 Bc5 4. Bc4 d6 5. O-O Be6 6. Bxe6 
fxe6 7. d3 Nf6 8. B@e2 O-O 9. Ng5 Nd4 10. Be3 Qe7 11. Bxd4 exd4 
12. Na4 B@e3 13. Nxc5 Bxg5 14. Nxe6 Qxe6 15. P@f5 Qe8 16. N@e6 B@f4 17. Nxf8 
Qxf8 18. B@e6+ Kh8 19. c3 dxc3 20. bxc3 P@e3 21. P@f7 exf2+ 22. Rxf2 Be3 
23. R@g8+ Nxg8 24. fxg8=Q+ Qxg8 25. Bxg8 Bxf2+ 26. Kh1 N@h6 27. Bxh7 P@f7 28. Bg6 
P@h7 29. Bxh7 R@e1+ 30. Qxe1 Bxe1 31. R@f1 Be3 32. f6 Q@g1+ 33. Rxg1 N@f2# 
{LINDEGREN checkmated} 0-1

[Event "fics rated crazyhouse match"]
[Site "fics, Oklahoma City, OK USA"]
[Date "2000.12.24"]
[White "pminear"]
[WhiteElo "2562"]
[Black "LINDEGREN"]
[BlackElo "2369"]
[TimeControl "60+0"]
[Result "1-0"]

1. e4 Nc6 2. Nc3 Nf6 3. Nf3 d5 4. e5 Ng4 5. d4 e6 6. Be2 
Be7 7. O-O O-O 8. Be3 Nxe3 9. fxe3 f6 10. exf6 Bxf6 11. N@g4 P@e4 
12. Nxf6+ Rxf6 13. B@g5 exf3 14. Bxf6 gxf6 15. Bxf3 B@g7 16. P@h5 B@h6 17. P@g6 
Bxe3+ 18. Kh1 N@f2+ 19. Rxf2 Bxf2 20. gxh7+ Kxh7 21. P@g6+ Kh8 22. N@f7+ Kg8 
23. Nxd8 Nxd8 24. R@e8# 
{LINDEGREN resigns} 1-0

[Event "fics rated crazyhouse match"]
[Site "fics, Oklahoma City, OK USA"]
[Date "2000.12.24"]
[White "LINDEGREN"]
[WhiteElo "2365"]
[Black "pminear"]
[BlackElo "2566"]
[TimeControl "60+0"]
[Result "0-1"]

1. e4 e5 2. Nf3 Nc6 3. d4 exd4 4. Nxd4 Nf6 5. Nxc6 bxc6 6. Bd3 
d6 7. Nc3 N@e5 8. N@f5 Bxf5 9. exf5 P@h3 10. Rg1 hxg2 11. B@e2 N@d4 
12. Rxg2 P@f3 13. Rg1 fxe2 14. Bxe2 B@f3 15. Be3 Nxe2 16. Qxe2 Bxe2 17. P@g2 
B@f3 18. P@e6 Bxg2 19. exf7+ Ke7 20. N@d4 Nf3+ 21. Nxf3 Bexf3 22. Bg5 P@d4 
23. P@e6 d5 24. N@g8+ Kd6 25. Bf4+ Kc5 26. P@b4+ Kb6 27. Nxf6 dxc3 28. Be3+ 
d4 29. N@c4+ Ka6 30. bxc3 Q@e2# 
{LINDEGREN checkmated} 0-1

[Event "fics rated crazyhouse match"]
[Site "fics, Oklahoma City, OK USA"]
[Date "2000.12.24"]
[White "pminear"]
[WhiteElo "2570"]
[Black "LINDEGREN"]
[BlackElo "2361"]
[TimeControl "60+0"]
[Result "1-0"]

1. e4 Nf6 2. e5 Nd5 3. d4 e6 4. Nf3 d6 5. Be2 Nc6 6. O-O 
Bd7 7. c4 Nb6 8. exd6 cxd6 9. Nc3 Be7 10. P@e5 P@c7 11. exd6 cxd6 
12. Ne4 P@c7 13. c5 Nd5 14. cxd6 cxd6 15. P@e5 P@c7 16. P@c5 dxe5 17. dxe5 
P@g4 18. Nfg5 Nxe5 19. Bxg4 P@f6 20. Nxf7 Kxf7 21. P@d6 cxd6 22. cxd6 P@f5 
23. Bh5+ N@g6 24. dxe7 Qxe7 25. B@d6 Qe8 26. Bxg6+ hxg6 27. N@g5+ fxg5 28. Nxg5+ 
Kg8 29. Bxe5 P@f7 30. P@h7+ Rxh7 31. Nxh7 B@h4 32. N@g5 N@g4 33. Qxg4 fxg4 
34. N@h6+ gxh6 35. R@h8# 
{LINDEGREN checkmated} 1-0

[Event "fics rated crazyhouse match"]
[Site "fics, Oklahoma City, OK USA"]
[Date "2000.12.24"]
[White "LINDEGREN"]
[WhiteElo "2357"]
[Black "pminear"]
[BlackElo "2574"]
[TimeControl "60+0"]
[Result "0-1"]

1. e4 e5 2. Nc3 Nc6 3. Nf3 Bc5 4. Bc4 Nf6 5. d3 O-O 6. O-O 
Ng4 7. Qe2 d6 8. Be3 Bxe3 9. fxe3 Nxe3 10. B@g5 Qxg5 11. Nxg5 B@f4 
12. Nxf7 Nxc4 13. Rxf4 exf4 14. B@d5 B@e6 15. dxc4 Nd4 16. Q@h8+ Kxf7 17. N@g5+ 
Ke8 18. Qxf8+ Kxf8 19. Nxe6+ Bxe6 20. R@h8+ B@g8 21. Qf2 Bxd5 22. B@h4 B@e3 
23. P@e7+ Ke8 24. Nxd5 Bxf2+ 25. Bxf2 N@h3+ 26. gxh3 Nf3+ 27. Kh1 P@g2+ 28. Kxg2 
N@h4+ 29. Kf1 Q@g2+ 30. Ke2 Q@d2# 
{LINDEGREN checkmated} 0-1

[Event "fics rated crazyhouse match"]
[Site "fics, Oklahoma City, OK USA"]
[Date "2000.12.24"]
[White "pminear"]
[WhiteElo "2578"]
[Black "LINDEGREN"]
[BlackElo "2353"]
[TimeControl "60+0"]
[Result "1-0"]

1. e4 Nf6 2. e5 Nd5 3. d4 e6 4. Nf3 d6 5. Be2 Nc6 6. O-O 
Bd7 7. c4 Nb6 8. exd6 cxd6 9. Nc3 P@c7 10. Bg5 Be7 11. Bxe7 Nxe7 
12. B@h4 O-O 13. P@f6 Nf5 14. fxg7 Nxh4 15. gxf8=Q+ Kxf8 16. Nxh4 Qxh4 17. P@g7+ 
Kxg7 18. R@g4+ Qxg4 19. Bxg4 P@g6 20. Qd2 B@h6 21. Qxh6+ Kxh6 22. B@e3+ P@g5 
23. h4 f6 24. hxg5+ fxg5 25. N@f7+ Kg7 26. Nxg5 R@f6 27. P@h6+ Kf8 28. Q@g7+ 
Ke8 29. Qxf6 
{LINDEGREN resigns} 1-0

[Event "fics rated crazyhouse match"]
[Site "fics, Oklahoma City, OK USA"]
[Date "2000.12.24"]
[White "LINDEGREN"]
[WhiteElo "2350"]
[Black "pminear"]
[BlackElo "2581"]
[TimeControl "60+0"]
[Result "0-1"]

1. e4 e5 2. Nf3 Nc6 3. Bc4 Bc5 4. O-O d6 5. Bxf7+ Kxf7 6. d3 
Kf8 7. Nc3 B@h5 8. P@e2 Nf6 9. Be3 Bxe3 10. fxe3 B@h6 11. B@d2 Ke8 
12. Nd5 Nxd5 13. exd5 Ne7 14. N@e6 Bxe6 15. dxe6 N@f5 16. B@d7+ Kf8 17. Nh4 
N@f4 18. exf4 Nxh4 19. fxe5+ N@f5 20. P@f6 Bxd2 21. fxg7+ Kxg7 22. P@f6+ Kg6 
23. Qxd2 B@e3+ 24. Qxe3 Nxe3 25. B@f7+ Kh6 26. B@f4+ P@g5 27. Bxe3 Nef5 28. Bxg5+ 
Kxg5 29. N@h3+ Kg4 30. P@f3+ Nxf3+ 31. exf3+ Kh4 32. g3+ Nxg3 33. hxg3+ Kxh3 
34. N@f4+ Kxg3 35. N@e2+ Kh4 36. N@g2+ Kg5 
{LINDEGREN forfeits on time} 0-1

[Event "fics rated crazyhouse match"]
[Site "fics, Oklahoma City, OK USA"]
[Date "2000.12.24"]
[White "pminear"]
[WhiteElo "2584"]
[Black "LINDEGREN"]
[BlackElo "2347"]
[TimeControl "60+0"]
[Result "0-1"]

1. e4 Nf6 2. e5 Nc6 3. exf6 gxf6 4. d4 d5 5. Be3 Rg8 6. Ne2 
P@e4 7. Ng3 Bg4 8. f3 exf3 9. gxf3 Bxf3 10. Qxf3 P@e4 11. Qf2 e6 
12. Bh3 P@g4 13. Bf1 Bb4+ 14. c3 Bd6 15. B@h5 Bxg3 16. hxg3 N@f3+ 17. Kd1 
Qe7 18. N@h6 Rg7 19. B@h8 Rg6 20. Bxg6 hxg6 21. R@g8+ B@f8 22. P@g7 Kd7 
23. gxf8=Q Rxf8 24. Rxf8 Qxf8 25. Bb5 P@d3 26. Bxc6+ bxc6 27. N@c5+ Qxc5 28. dxc5 
B@e2+ 29. Qxe2 dxe2+ 30. Kc1 N@d3+ 31. Kc2 Nb4+ 32. Kb3 Q@c4+ 33. Ka3 Nc2# 
{pminear checkmated} 0-1

[Event "fics rated crazyhouse match"]
[Site "fics, Oklahoma City, OK USA"]
[Date "2000.12.24"]
[White "LINDEGREN"]
[WhiteElo "2360"]
[Black "pminear"]
[BlackElo "2571"]
[TimeControl "60+0"]
[Result "0-1"]

1. e4 e5 2. Nc3 Nc6 3. Nf3 Bc5 4. Bc4 Nf6 5. O-O d6 6. d3 
O-O 7. Bg5 h6 8. Bxf6 Qxf6 9. Nd5 Qd8 10. N@f5 Bxf5 11. exf5 B@g4 
12. B@e2 Bxf5 13. Ne3 Bxe3 14. fxe3 P@h3 15. gxh3 Bxh3 16. Rf2 N@g4 17. P@g2 
Nxf2 18. Kxf2 N@g4+ 19. Kg1 P@f2+ 20. Kh1 Bxg2+ 21. Kxg2 Nxe3+ 22. Kxf2 Nxd1+ 
23. Rxd1 P@e3+ 24. Kxe3 Qg5+ 25. Kf2 P@e3# 
{LINDEGREN resigns} 0-1

[Event "fics rated crazyhouse match"]
[Site "fics, Oklahoma City, OK USA"]
[Date "2000.12.24"]
[White "pminear"]
[WhiteElo "2575"]
[Black "LINDEGREN"]
[BlackElo "2356"]
[TimeControl "60+0"]
[Result "1-0"]

1. e4 Nf6 2. e5 Nd5 3. d4 e6 4. Nf3 Nc6 5. Be2 d6 6. O-O 
Nb6 7. exd6 cxd6 8. c4 Bd7 9. Nc3 Be7 10. Bf4 P@c7 11. Ne4 f5 
12. Neg5 O-O 13. P@f7+ Rxf7 14. Nxf7 Kxf7 15. d5 exd5 16. cxd5 Nxd5 17. Qxd5+ 
P@e6 18. Qd1 P@f6 19. Nh4 N@g6 20. Bh5 Be8 21. Nxg6 hxg6 22. N@h8+ Kg8 
23. Nxg6 P@h7 24. R@h8+ Kf7 25. Ne5# 
{LINDEGREN checkmated} 1-0

[Event "fics rated crazyhouse match"]
[Site "fics, Oklahoma City, OK USA"]
[Date "2000.12.24"]
[White "LINDEGREN"]
[WhiteElo "2352"]
[Black "pminear"]
[BlackElo "2579"]
[TimeControl "60+0"]
[Result "1-0"]

1. e4 e5 2. Nc3 Nc6 3. Nf3 Bc5 4. Bc4 d6 5. O-O Be6 6. d3 
Bxc4 7. dxc4 B@h5 8. Nd5 Nge7 9. B@h4 f6 10. Bxf6 Nxd5 11. Bxd8 Rxd8 
12. exd5 O-O 13. dxc6 B@g4 14. P@h6 Bxf3 15. N@e7+ Kf7 16. N@g5+ Kxe7 17. Q@e6# 
{pminear checkmated} 1-0

[Event "fics rated crazyhouse match"]
[Site "fics, Oklahoma City, OK USA"]
[Date "2000.12.24"]
[White "pminear"]
[WhiteElo "2566"]
[Black "LINDEGREN"]
[BlackElo "2365"]
[TimeControl "60+0"]
[Result "1-0"]

1. e4 Nf6 2. e5 Nd5 3. d4 d6 4. Nf3 Nc6 5. Be2 Bg4 6. exd6 
cxd6 7. O-O P@h3 8. gxh3 Bxh3 9. Re1 e6 10. Ng5 Bf5 11. P@e4 Bxe4 
12. Nxe4 Be7 13. B@g2 P@f5 14. Ng3 O-O 15. P@h6 gxh6 16. Bxh6 P@g6 17. Bxf8 
Qxf8 18. Bxd5 exd5 19. P@g2 P@h4 20. Nh1 B@e4 21. f3 B@f4 22. fxe4 Bxh2+ 
23. Kxh2 P@g3+ 24. Kg1 dxe4 25. B@e3 P@f2+ 26. Nxf2 gxf2+ 27. Bxf2 N@g3 28. Bxg3 
hxg3 29. B@e3 Bf6 30. N@h6+ Kh8 31. P@g5 Nxd4 32. gxf6 Nxe2+ 33. Qxe2 P@f2+ 
34. Bxf2 gxf2+ 35. Qxf2 B@g7 36. P@e7 Bxf6 37. exf8=Q+ Rxf8 38. P@g7+ Kxg7 39. R@g8+ 
Rxg8 40. Nxf5# 
{LINDEGREN forfeits on time} 1-0

[Event "fics rated crazyhouse match"]
[Site "fics, Oklahoma City, OK USA"]
[Date "2000.12.24"]
[White "LINDEGREN"]
[WhiteElo "2361"]
[Black "pminear"]
[BlackElo "2570"]
[TimeControl "60+0"]
[Result "1-0"]

1. e4 e5 2. Nf3 Nc6 3. Bc4 Bc5 4. O-O d6 5. c3 Bg4 6. h3 
Bxf3 7. Qxf3 N@f4 8. d4 Bxd4 9. Bxf4 exf4 10. Bxf7+ Kxf7 11. Qxf4+ Bf6 
12. B@d5+ P@e6 13. Bxe6+ Kxe6 14. P@d5+ Kf7 15. dxc6 B@e5 16. N@g5+ Ke7 17. N@d5+ 
Kf8 18. Ne6+ Ke8 19. P@f7+ Kxf7 20. Nxd8+ Rxd8 21. P@e6+ Kxe6 22. Qf5+ Kf7 
23. Nxf6 N@e2+ 24. Kh1 B@e6 25. Qxe6+ Kxe6 26. B@d5+ Kxf6 27. Q@f5+ Ke7 28. Qf7# 
{pminear checkmated} 1-0

[Event "fics rated crazyhouse match"]
[Site "fics, Oklahoma City, OK USA"]
[Date "2000.12.24"]
[White "pminear"]
[WhiteElo "2558"]
[Black "LINDEGREN"]
[BlackElo "2373"]
[TimeControl "60+0"]
[Result "1-0"]

1. e4 Nf6 2. e5 Nd5 3. d4 e6 4. Nf3 d6 5. Be2 Nc6 6. O-O 
Bd7 7. c4 Nb6 8. exd6 cxd6 9. Nc3 Be7 10. Bf4 P@c7 11. Ne4 f5 
12. Neg5 O-O 13. P@f7+ Rxf7 14. Nxf7 Kxf7 15. d5 Nb4 16. dxe6+ Bxe6 17. Nd4 
P@d7 18. P@d5 N@f8 19. dxe6+ dxe6 20. Nxe6 Nxe6 21. P@d5 P@d7 22. dxe6+ dxe6 
23. Bh5+ P@g6 24. Bxg6+ hxg6 25. P@h6 Qg8 26. hxg7 Qxg7 27. B@h6 Qh7 28. R@g7+ 
Qxg7 29. Bxg7 R@h7 30. N@h6+ Rxh6 31. Bgxh6 B@f6 32. R@h7+ P@g7 33. P@g5 P@e4 
34. gxf6 Bxf6 35. Bxg7 Bxg7 36. Rxg7+ Kxg7 37. B@h6+ Kf7 38. Q@h7+ Ke8 39. P@f7+ 
Kd7 40. B@b5+ c6 41. f8=Q# 
{LINDEGREN forfeits on time} 1-0

[Event "fics rated crazyhouse match"]
[Site "fics, Oklahoma City, OK USA"]
[Date "2000.12.24"]
[White "LINDEGREN"]
[WhiteElo "2369"]
[Black "pminear"]
[BlackElo "2562"]
[TimeControl "60+0"]
[Result "0-1"]

1. e4 e5 2. Nf3 Nc6 3. Bc4 Bc5 4. O-O Nf6 5. Nc3 O-O 6. d3 
Ng4 7. Bg5 Nxf2 8. Bxd8 Nxd1+ 9. Kh1 Nxd8 10. Raxd1 B@g4 11. Q@g3 Bxf3 
12. gxf3 N@g6 13. N@f5 d5 14. Nxd5 Bxf5 15. exf5 N@f4 16. fxg6 P@g2+ 17. Qxg2 
Nxg2 18. gxh7+ Kh8 19. P@h6 gxh6 20. B@f6+ P@g7 21. Bxg7+ Kxh7 22. B@f6 Q@h3 
23. P@g6+ fxg6 24. Bxf8 Qxh2+ 25. Kxh2 P@g3+ 26. Kxg3 P@f4# 
{LINDEGREN forfeits on time} 0-1

[Event "fics rated crazyhouse match"]
[Site "fics, Oklahoma City, OK USA"]
[Date "2000.12.24"]
[White "pminear"]
[WhiteElo "2566"]
[Black "LINDEGREN"]
[BlackElo "2365"]
[TimeControl "60+0"]
[Result "1-0"]

1. e4 Nf6 2. e5 Nd5 3. d4 e6 4. Nf3 d6 5. Be2 Nc6 6. O-O 
Bd7 7. c4 Nb6 8. exd6 cxd6 9. Nc3 Be7 10. Bf4 P@c7 11. Ne4 d5 
12. cxd5 Nxd5 13. Be3 P@f4 14. Bc1 f5 15. Nc3 Nxc3 16. bxc3 N@g6 17. P@h5 
Bd6 18. hxg6 hxg6 19. P@e5 P@g5 20. exd6 cxd6 21. B@a3 P@c7 22. N@b5 O-O 
23. Nxd6 cxd6 24. Bxd6 N@e4 25. Bxf8 Qxf8 26. N@e5 Nxe5 27. Nxe5 B@e8 28. P@h5 
gxh5 29. P@g6 Bxg6 30. Nxg6 P@h7 31. R@h8+ Kf7 32. N@e5+ Kf6 33. Rxf8+ Rxf8 
34. Q@e7# 
{LINDEGREN checkmated} 1-0

[Event "fics rated crazyhouse match"]
[Site "fics, Oklahoma City, OK USA"]
[Date "2000.12.24"]
[White "LINDEGREN"]
[WhiteElo "2361"]
[Black "pminear"]
[BlackElo "2570"]
[TimeControl "60+0"]
[Result "1-0"]

1. e4 e5 2. Nc3 Nc6 3. Nf3 Bc5 4. Bc4 d6 5. O-O Be6 6. d3 
Bxc4 7. dxc4 Nge7 8. B@h4 O-O 9. Nd5 f6 10. Nxe7+ Nxe7 11. N@f5 Nxf5 
12. exf5 B@h5 13. N@e6 Qe7 14. Be3 Bxe3 15. fxe3 B@e4 16. B@d5 Bxd5 17. Qxd5 
B@c6 18. Qd1 N@e4 19. B@d5 Bxd5 20. cxd5 B@g4 21. Nxf8 Rxf8 22. B@e6+ Kh8 
23. Qe2 Bxf3 24. Rxf3 Bxf3 25. Qxf3 N@g5 26. Qf1 N@h6 27. B@g6 N@d2 28. Qe2 
hxg6 29. fxg6 B@c4 30. Bxg5 Nxg5 31. Qxd2 B@e4 32. P@h7 Qxe6 33. dxe6 Nh3+ 
34. Kh1 Bxg2+ 35. Qxg2 B@d5 36. R@g8+ Nxg8 37. hxg8=Q+ Kxg8 38. Q@h7# 
{pminear checkmated} 1-0

[Event "fics rated crazyhouse match"]
[Site "fics, Oklahoma City, OK USA"]
[Date "2000.12.24"]
[White "pminear"]
[WhiteElo "2558"]
[Black "LINDEGREN"]
[BlackElo "2373"]
[TimeControl "60+0"]
[Result "0-1"]

1. e4 Nf6 2. e5 Nc6 3. exf6 gxf6 4. d4 d5 5. Be3 P@e4 6. Ne2 
Rg8 7. Ng3 Bg4 8. Be2 Bxe2 9. Qxe2 B@g4 10. f3 exf3 11. gxf3 Bh3 
12. B@a4 Bd7 13. N@c5 Rb8 14. Nxd7 Kxd7 15. Bxc6+ bxc6 16. N@c5+ Ke8 17. P@d7+ 
Qxd7 18. Nxd7 Kxd7 19. B@h3+ e6 20. Q@a6 B@b6 21. Nc3 Bd6 22. Nxd5 cxd5 
23. P@c5 P@b7 24. Qa4+ P@c6 25. cxb6 axb6 26. B@g4 N@f8 27. Nh5 P@e7 28. O-O-O 
N@c4 29. Qexc4 dxc4 30. Qxc4 N@d5 31. P@g7 Q@a1+ 32. N@b1 Ng6 33. Bxe6+ fxe6 
34. Bxe6+ Kxe6 35. P@f5+ Kd7 36. P@e6+ Kc8 37. Qxd5 Qxb2+ 38. Kxb2 P@a3+ 39. Nxa3 
Bxa3+ 40. Kxa3 B@d6+ 41. Qxd6 N@b5# 
{pminear forfeits on time} 0-1

[Event "fics rated crazyhouse match"]
[Site "fics, Oklahoma City, OK USA"]
[Date "2000.12.24"]
[White "LINDEGREN"]
[WhiteElo "2385"]
[Black "pminear"]
[BlackElo "2546"]
[TimeControl "60+0"]
[Result "0-1"]

1. e4 e5 2. Nc3 Nc6 3. Nf3 Bc5 4. Bc4 Nf6 5. O-O O-O 6. d3 
d6 7. Bg5 Be6 8. Bxf6 Qxf6 9. Nd5 Bxd5 10. exd5 N@f4 11. B@g5 Qg6 
12. dxc6 Rae8 13. N@h4 Qh5 14. N@g3 Qg4 15. Bxf4 exf4 16. h3 Qxg3 17. N@f5 
N@e2+ 18. Qxe2 Rxe2 19. Nxg3 fxg3 20. d4 gxf2+ 21. Kh2 B@f4+ 22. g3 Bxg3+ 
23. Kxg3 P@f4+ 24. Kxf4 N@h5+ 25. Kg4 Q@f4+ 26. Kxh5 P@g6# 
{LINDEGREN resigns} 0-1

[Event "fics rated crazyhouse match"]
[Site "fics, Oklahoma City, OK USA"]
[Date "2000.12.24"]
[White "pminear"]
[WhiteElo "2551"]
[Black "LINDEGREN"]
[BlackElo "2380"]
[TimeControl "60+0"]
[Result "1-0"]

1. e4 Nf6 2. e5 Nc6 3. exf6 gxf6 4. d4 d5 5. Be3 P@e4 6. f3 
Rg8 7. fxe4 dxe4 8. d5 Bg4 9. P@f3 exf3 10. gxf3 P@d4 11. dxc6 bxc6 
12. Bxd4 e5 13. Bf2 Qxd1+ 14. Kxd1 Rd8+ 15. P@d2 Be6 16. N@a6 Q@a5 17. N@b7 
Qd5 18. Nxd8 Kd7 19. R@d3 P@d4 20. Nc3 Qd6 21. P@c5 Qe7 22. Nxc6 Bh6 
23. Nab8+ Ke8 24. Nxe7 Kxe7 25. P@d6+ cxd6 26. cxd6+ Kf8 27. Q@d8+ Kg7 28. Qxf6+ 
Kxf6 29. Ne4+ Kg7 30. Q@f6# 
{LINDEGREN forfeits on time} 1-0

[Event "fics rated crazyhouse match"]
[Site "fics, Oklahoma City, OK USA"]
[Date "2000.12.24"]
[White "LINDEGREN"]
[WhiteElo "2376"]
[Black "pminear"]
[BlackElo "2555"]
[TimeControl "60+0"]
[Result "0-1"]

1. e4 e5 2. Nc3 Nc6 3. Nf3 Bc5 4. Bb5 Nf6 5. O-O d6 6. Bxc6+ 
bxc6 7. d3 B@h5 8. N@g3 Bxf3 9. Qxf3 Bg4 10. Nf5 Bxf3 11. gxf3 N@h3+ 
12. Kh1 Nxf2+ 13. Rxf2 Bxf2 14. Nxg7+ Kf8 15. Bh6 Q@h3 16. Nf5+ Ke8 17. P@g2 
Qxf5 18. exf5 R@h4 19. B@h3 Rxh6 20. B@e6 B@g8 21. N@g7+ Kf8 22. Bxf7 Bxf7 
23. Ne6+ Bxe6 24. fxe6 N@g5 25. Ne4 Nfxe4 26. dxe4 B@g6 27. B@f5 P@f7 28. exf7 
Bxf7 29. N@e6+ Nxe6 30. Bxe6 Bxe6 31. P@g7+ Kxg7 32. N@f5+ Bxf5 33. exf5 N@g3+ 
34. hxg3 N@g5 35. N@g4 Rxh3+ 36. gxh3 P@g2+ 37. Kxg2 N@f4# 
{LINDEGREN forfeits on time} 0-1

[Event "fics rated crazyhouse match"]
[Site "fics, Oklahoma City, OK USA"]
[Date "2000.12.24"]
[White "pminear"]
[WhiteElo "2559"]
[Black "LINDEGREN"]
[BlackElo "2372"]
[TimeControl "60+0"]
[Result "0-1"]

1. e4 Nf6 2. e5 Nc6 3. exf6 gxf6 4. d4 d5 5. Be3 Rg8 6. Ne2 
Bg4 7. f3 Bf5 8. Ng3 e6 9. Nxf5 exf5 10. B@a4 Rb8 11. Bfb5 P@d7 
12. Bxc6 dxc6 13. N@f4 Bd6 14. N@g3 Bxf4 15. Bxf4 Qe7+ 16. B@e2 B@a5+ 17. Nc3 
N@e6 18. Nxf5 Bxc3+ 19. bxc3 Qd7 20. B@g3 Nxf4 21. Bxf4 N@e6 22. Bxc7 Qxc7 
23. P@d6 Qd7 24. P@e7 N@f4 25. N@c7+ Nxc7 26. dxc7 Nxg2+ 27. Kd2 B@g5+ 28. N@e3 
Nxe3 29. Nxe3 B@f2 30. Kc1 Bfxe3+ 31. Kb1 N@a3+ 32. Kb2 Qxe7 33. cxb8=Q+ N@d8 
34. N@c7+ Kf8 35. R@e8+ Qxe8 36. Nxe8 N@c4+ 37. Bxc4 Nxc4+ 38. Kb3 R@b2# 
{pminear checkmated} 0-1

[Event "fics rated crazyhouse match"]
[Site "fics, Oklahoma City, OK USA"]
[Date "2000.12.24"]
[White "LINDEGREN"]
[WhiteElo "2384"]
[Black "pminear"]
[BlackElo "2547"]
[TimeControl "60+0"]
[Result "0-1"]

1. e4 e5 2. Nc3 Nc6 3. Nf3 Bc5 4. Bc4 d6 5. O-O Be6 6. d3 
Bxc4 7. dxc4 Nge7 8. Nd5 Nxd5 9. cxd5 Ne7 10. N@h5 Rg8 11. B@h3 N@f6 
12. Ng3 B@f4 13. Ng5 Bxg5 14. Bxg5 N@f4 15. Bxf4 exf4 16. Nf5 Nxf5 17. exf5 
B@g3 18. Qe2+ N@e3 19. B@e6 Bxh2+ 20. Kxh2 Nxf1+ 21. Rxf1 P@g3+ 22. fxg3 fxg3+ 
23. Kxg3 P@e5 24. Bxf7+ Kxf7 25. B@e6+ Kf8 26. N@g6+ hxg6 27. P@h4 N@h5+ 28. Kf3 
R@f4# 
{LINDEGREN checkmated} 0-1

[Event "fics rated crazyhouse match"]
[Site "fics, Oklahoma City, OK USA"]
[Date "2000.12.24"]
[White "pminear"]
[WhiteElo "2552"]
[Black "LINDEGREN"]
[BlackElo "2379"]
[TimeControl "60+0"]
[Result "1-0"]

1. e4 Nf6 2. e5 Nc6 3. exf6 gxf6 4. d4 d5 5. Be3 Rg8 6. Nc3 
Bg4 7. f3 Bf5 8. N@g3 e6 9. Bb5 Rb8 10. N1e2 Bb4 11. Nxf5 exf5 
12. Ng3 P@e6 13. a3 Bxc3+ 14. bxc3 N@h4 15. B@f1 N@d6 16. B@a4 Nxb5 17. Baxb5 
B@d7 18. N@c5 Qe7 19. Nxd7 Qxd7 20. Bxc6 bxc6 21. N@c5 Qe7 22. B@d7+ Kf8 
23. Bxc6 B@b2 24. Bh6+ N@g7 25. Nd7+ Qxd7 26. Bxd7 Bxc3+ 27. Kf2 P@e5 28. Q@c5+ 
N@d6 29. Qxc3 exd4 30. Qxc7 P@e3+ 31. Ke2 Ke7 32. B@c5 Ne8 33. Bxd6+ Nxd6 
34. N@c6# 
{LINDEGREN checkmated} 1-0

[Event "fics rated crazyhouse match"]
[Site "fics, Oklahoma City, OK USA"]
[Date "2000.12.24"]
[White "LINDEGREN"]
[WhiteElo "2375"]
[Black "pminear"]
[BlackElo "2556"]
[TimeControl "60+0"]
[Result "0-1"]

1. e4 e5 2. Nc3 Nc6 3. Nf3 Bc5 4. Bc4 d6 5. O-O Be6 6. d3 
Bxc4 7. dxc4 Nge7 8. Bg5 f6 9. Bh4 O-O 10. Nd5 B@h5 11. Nxe7+ Nxe7 
12. N@f5 Nxf5 13. exf5 N@f4 14. B@e6+ Kh8 15. N@g3 Bxf3 16. Qxf3 N@d4 17. Qd1 
N@e2+ 18. Kh1 Ndxe6 19. fxe6 Nxg3+ 20. hxg3 Nxe6 21. B@f5 B@f7 22. Qg4 P@g6 
23. Bxe6 N@h6 24. Qh3 Bxe6 25. Qxe6 B@f5 26. Qd5 c6 27. Qd2 Ng4 28. B@h3 
Nxf2+ 29. Rxf2 Bxf2 30. Qxf2 Bxh3 31. gxh3 R@f5 32. B@f3 e4 33. B@g4 exf3 
34. Bxf5 B@g2+ 35. Kh2 gxf5 36. N@f4 B@f7 37. N@e6 Bxe6 38. Nxe6 P@e3 39. Nxd8 
Raxd8 40. N@f7+ Rxf7 41. Qxe3 N@f1+ 42. Rxf1 Bxf1 43. R@e8+ R@f8 44. Rxd8 Rxd8 
45. N@h6 gxh6 46. R@e8+ Rxe8 47. P@g7+ Rxg7 48. Qxe8+ R@g8 49. Qxg8+ Kxg8 50. N@f7 
Rxf7 51. R@e8+ Kg7 
{LINDEGREN forfeits on time} 0-1